 Dungeon Crawl Stone Soup version 0.29-a0-598-gd8304a5bf4 (webtiles) character file.

Game seed: 10703802130320973964

7655 zishaf the Skirmisher (level 10, -3/86 HPs)
             Began as a Demigod Wanderer on June 15, 2022.
             Slain by a shadow (28 damage)
             ... on level 9 of the Dungeon.
             The game lasted 00:16:45 (10644 turns).

zishaf the Skirmisher (Demigod Wanderer)           Turns: 10644, Time: 00:16:45

Health: -3/86      AC: 11    Str: 11    XL:     10   Next: 67%
Magic:  17/17      EV:  9    Int: 28    God:
Gold:   455        SH: 10    Dex: 13    Spells: 7/14 levels left

rFire   + . .      SeeInvis .   a - +9 mace of the Tent {speed, rC++}
rCold   + + .      Faith    .   y - +0 kite shield
rNeg    . . .      Spirit   .   I - +0 acid dragon scales
rPois   .          Reflect  .   d - +1 helmet
rElec   .          Harm     .   A - +0 cloak
rCorr   +          Rampage  .   B - +0 pair of gloves
Will    +....                   J - +0 pair of boots
Stlth   ++........              j - amulet of the acrobat
HPRegen 0.24/turn               h - ring of protection from fire
MPRegen 0.15/turn               s - +4 ring of slaying

@: studying Hexes
A: high MP 1, forlorn, divine attributes
a: no special abilities


You were on level 9 of the Dungeon.
You visited 1 branch of the dungeon, and saw 9 of its levels.

You collected 455 gold pieces.

Inventory:

Hand Weapons
 a - the +9 mace of the Tent (weapon) {speed, rC++}
   (You found it on level 4 of the Dungeon)

   Attacks with this weapon are significantly faster.
   rC:        It greatly protects you from cold.
 b - a +4 hunting sling
 k - a +0 demon whip of venom
 x - a +0 dagger
Missiles
 m - a throwing net (quivered)
Armour
 d - a +1 helmet (worn)
 y - a +0 kite shield (worn)
 A - a +0 cloak (worn)
 B - a +0 pair of gloves (worn)
 I - +0 acid dragon scales (worn)
 J - a +0 pair of boots (worn)
Jewellery
 e - a +6 ring of dexterity
 h - a ring of protection from fire (left hand)
 j - an amulet of the acrobat (around neck)
 p - a ring of protection from fire
 s - a +4 ring of slaying (right hand)
 D - the ring of Jueshoc {Will+ Str+3}
   (You found it on level 6 of the Dungeon)

   [ring of willpower]

   Str:       It affects your strength (+3).
   Will:      It increases your willpower.
 H - a ring of willpower
Wands
 C - a wand of flame (7)
 F - a wand of iceblast (9)
Scrolls
 i - 2 scrolls of magic mapping
 n - 8 scrolls of teleportation
 o - a scroll of fear
 u - 2 scrolls of enchant armour
 G - 2 scrolls of blinking
Potions
 c - a potion of cancellation {unknown}
 f - 8 potions of heal wounds
 g - 2 potions of mutation
 l - 2 potions of curing
 q - 3 potions of berserk rage
 r - 2 potions of might
 t - a potion of attraction {unknown}
 v - 5 potions of brilliance
 w - 2 potions of haste
 z - 2 potions of resistance
 E - 2 potions of ambrosia {unknown}
 K - 2 potions of lignification
 L - a potion of magic {unknown}


   Skills:
 + Level 7.2 Fighting
 + Level 4.3 Maces & Flails
 - Level 3.6 Stealth
 + Level 6.6 Shields
 + Level 2.6 Spellcasting
 - Level 7.0 Conjurations
 + Level 3.0 Transmutations
 - Level 7.0 Fire Magic
 + Level 3.2 Earth Magic
 - Level 1.0 Evocations


You had 7 spell levels left.
You knew the following spells:

 Your Spells              Type           Power      Damage    Failure   Level
a - Statue Form           Tmut/Erth      14%        N/A       100%        6
A - Foxfire               Conj/Fire      100%       2x1d9     1%          1

Your spell library contained the following spells:

 Spells                   Type           Power      Damage    Failure   Level
 Searing Ray              Conj           84%        2d7       3%          2
 Shock                    Conj/Air       92%        1d8       9%          1
 Dazzling Flash           Conj/Hex       46%        N/A       26%         3
 Inner Flame              Hex/Fire       23%        N/A       26%         3
 Leda's Liquefaction      Hex/Erth       6%         N/A       88%         4
 Lee's Rapid Deconstruct  Erth           10%        3d9*      95%         5
 Anguish                  Hex/Necr       1%         N/A       98%         4
 Enfeeble                 Hex            1%         N/A       100%        7


Dungeon Overview and Level Annotations

Branches:
Dungeon (9/15)             Temple (0/1) D:7            Lair (0/6) D:8
    Orc: D:9-12

Annotations:
D:2 dig vault
D:4 1 runed translucent door


Innate Abilities, Weirdness & Mutations

You have an increased reservoir of magic. (+10% MP)
You shall have no god before yourself.
Your divine heritage dramatically boosts your attributes as you level up.


Message History

(D) Dungeon (T) Temple (L) Lair
Where to? (Enter - D:8, ? - help)
There is a stone staircase leading down here.
You climb downwards.
Found 25 stones and a potion of haste.
Found a stone staircase leading up.
There is a stone staircase leading up here.
A shadow comes into view.
Found 24 stones.
The shadow slips into darkness.
The shadow flickers and vanishes!
Deactivating autopickup; reactivate with Ctrl-A.
No target in view!
There is a stone staircase leading up here.
The shadow strikes at you from the darkness!
Reactivating autopickup.
A wyvern comes into view.
The shadow misses you.
You thump the shadow!
The shadow is severely damaged.
You block the shadow's attack.
You barely miss the shadow.
The shadow is severely damaged.
The wyvern barely misses you.
The shadow slips into darkness.
The shadow flickers and vanishes!
Deactivating autopickup; reactivate with Ctrl-A.
You hit something. The wyvern bites you.
The shadow strikes at you from the darkness!
Reactivating autopickup.
The wyvern bites you.
You hit the shadow but do no damage.
The shadow is severely damaged.
The wyvern bites you.
The shadow slips into darkness.
The shadow flickers and vanishes!
Deactivating autopickup; reactivate with Ctrl-A.
You hit something. The wyvern bites you.
* * * LOW HITPOINT WARNING * * *
The shadow strikes at you from the darkness!
You die...

##...........
#....(........
###.............
................
..............
#............
..#.#.l.{..!.....
.......@.........
###.##.......#..
#..#.##.# ##.#.#
# ###...#
#....###.###
#..#.<.......
#.#..........
#............


You could see a wyvern.

Vanquished Creatures
  A two-headed ogre (D:7)
  Amaemon (D:8)
  An elephant (D:8)
  An orange demon (D:8)
  A hornet (D:8)
  Prince Ribbit (D:8)
  A basilisk (D:8)
  Grum (D:8)
  2 wyverns (D:8)
  2 steam dragons
  An acid dragon (D:7)
  4 water moccasins
  4 orc warriors
  2 sky beasts
  3 ice beasts
  2 ogres
  5 black bears
  7 centaurs
  4 wolves (D:8)
  A kobold brigand (D:8)
  6 bullfrogs
  A necrophage (D:8)
  A scorpion (D:7)
  4 wights
  A killer bee (D:7)
  2 howler monkeys
  3 orc priests
  7 hounds
  2 jellies (D:5)
  Crazy Yiuf (D:4)
  5 iguanas
  Jessica (D:2)
  8 orc wizards
  4 adders
  4 gnolls
  2 river rats (D:4)
  5 shadow imps
  2 white imps (D:7)
  The ghost of DocClef the Sneak, a weakling DrDe (D:4)
  3 dart slugs
  26 orcs
  6 endoplasms
  6 giant cockroaches
  12 hobgoblins
  4 jackals (D:1)
  4 quokkas
  A ball python (D:1)
  5 bats
  4 frilled lizards
  8 goblins
  12 kobolds
  10 rats
206 creatures vanquished.

Vanquished Creatures (others)
  219 foxfires
219 creatures vanquished.

Grand Total: 425 creatures vanquished

Notes
Turn   | Place    | Note
-------+----------+-------------------------------------------
     0 | D:1      | zishaf the Demigod Wanderer began the quest for the Orb.
     0 | D:1      | zishaf set off with the following items: a +0 dagger, a
                  | potion of berserk rage, a +0 robe, a +0 helmet; and the
                  | following spells available to memorise: Foxfire, Shock,
                  | Searing Ray, Dazzling Flash, Inner Flame.
     0 | D:1      | Reached XP level 1. HP: 14/14 MP: 4/4
     2 | D:1      | Learned a level 1 spell: Foxfire
   319 | D:1      | Reached XP level 2. HP: 22/22 MP: 1/5
   452 | D:1      | Reached skill level 1 in Fighting
   900 | D:1      | Reached XP level 3. HP: 16/28 MP: 1/6
  1759 | D:2      | Reached XP level 4. HP: 36/36 MP: 5/8
  1847 | D:2      | Noticed Jessica
  1852 | D:2      | Killed Jessica
  2931 | D:3      | Reached XP level 5. HP: 42/42 MP: 6/9
  3329 | D:4      | Reached skill level 1 in Shields
  3578 | D:4      | Found a runed translucent door.
  3922 | D:4      | Found a runed translucent door.
  3922 | D:4      | Identified the +9 mace of the Tent {speed, rC++}
  3925 | D:4      | Noticed Crazy Yiuf
  3933 | D:4      | Killed Crazy Yiuf
  4162 | D:4      | Noticed DocClef's ghost (weakling DrDe)
  4226 | D:4      | Reached XP level 6. HP: 49/50 MP: 10/10
  4239 | D:4      | Found a runed translucent door.
  4289 | D:4      | Killed DocClef's ghost
  4405 | D:5      | Entered Level 5 of the Dungeon
  4448 | D:5      | Reached skill level 1 in Maces & Flails
  4714 | D:5      | Noticed a water moccasin
  4719 | D:5      | Killed a water moccasin
  4720 | D:5      | Reached XP level 7. HP: 57/57 MP: 5/11
  5571 | D:6      | Identified the ring of Jueshoc {Will+ Str+3}
  5581 | D:6      | Reached XP level 8. HP: 55/66 MP: 12/12
  5653 | D:6      | Reached skill level 5 in Fire Magic
  5870 | D:6      | Reached skill level 5 in Conjurations
  6417 | D:7      | Reached skill level 5 in Fighting
  6755 | D:7      | Found a staircase to the Ecumenical Temple.
  6812 | D:7      | Reached XP level 9. HP: 74/74 MP: 13/13
  7515 | D:7      | Reached skill level 5 in Shields
  8008 | D:7      | Noticed a two-headed ogre
  8030 | D:7      | Killed a two-headed ogre
  8177 | D:8      | Learned a level 6 spell: Statue Form
  8199 | D:8      | Noticed Grum
  8220 | D:8      | Killed Grum
  8231 | D:8      | Reached XP level 10. HP: 35/84 MP: 14/14
  8459 | D:8      | Reached skill level 1 in Transmutations
  8459 | D:8      | Reached skill level 1 in Earth Magic
  8722 | D:8      | Noticed Amaemon
  8738 | D:8      | Killed Amaemon
  9081 | D:8      | Found a staircase to the Lair.
  9081 | D:8      | Noticed an elephant
  9113 | D:8      | Killed an elephant
  9699 | D:8      | Noticed Prince Ribbit
  9707 | D:8      | Killed Prince Ribbit
  9735 | D:8      | Paralysed by a hornet for 1 turns
 10644 | D:9      | Slain by a shadow

Illustrated notes

Levels and vault maps discovered:
D:1:      dpeg_arrival_houses_and_road, layout_basic,
          shapermc_ecumenical_altar_venn, minmay_split_cup_large
D:2:      layout_loops_ring, serial_glass, glass_columns_a, glass_columns_c,
          feat_on_display, feat_on_display, due_unseen_surprise,
          item_on_display_a, patterned_corridor, uniq_jessica
D:3:      layout_rooms
D:4:      layout_loops_cross, ebering_ghost_sewer_f,
          nicolae_concentric_dashed_squares_wild, uniq_crazy_yiuf_cottage
D:5:      layout_loops_ring, mainiacjoe_overflow_alcove_1, kennysheep_boxes
D:6:      minmay_skewed_foursquare, layout_cave_pools, elyvilon_altar_3,
          serial_column_ruins, column_ruins_courtyard_long_water,
          column_ruins_hut, column_ruins_open_small, column_ruins_open_small,
          column_ruins_corridor_corner, column_ruins_corridor_straight,
          column_ruins_grid_1, grunt_ministairs_13
D:7:      minmay_razor_zed, layout_basic, gammafunk_temple_overflow_forgotten,
          minmay_temple_entry_statues_fountains
D:8:      layout_loops_ring, david_lair_generic, minmay_joined_circles,
          uniq_grum, uniq_prince_ribbit1, uniq_amaemon
D:9:      layout_rooms

Skill      XL: |  1  2  3  4  5  6  7  8  9 10 |
---------------+-------------------------------+-----
Fire Magic     | 2 3 4 5 6 7 |  7.0
Conjurations   | 2 3 4 5 6 7 |  7.0
Fighting       | 1 2 3 4 5 6 7 |  7.2
Shields        | 1 2 3 4 5 6 |  6.6
Maces & Flails | 1 2 4 |  4.3
Transmutations | 3 |  3.0
Earth Magic    | 3 |  3.2
Spellcasting   | 2 |  2.6
Stealth        | |  3.6
Evocations     | |  1.0

Action                   |  1- 3 |  4- 6 |  7- 9 | 10-12 || total
-------------------------+-------+-------+-------+-------++-------
Melee: Dagger            |    31 |     5 |       |       ||    36
       Punch             |     1 |       |       |       ||     1
       Mace              |       |    25 |   210 |   150 ||   385
 Fire: Hunting sling     |       |    49 |     7 |       ||    56
 Cast: Foxfire           |    54 |    43 |    29 |     3 ||   129
  Use: Scroll            |       |    13 |     3 |       ||    16
       Potion            |       |       |     1 |     4 ||     5
 Stab: Sleeping          |     1 |     2 |     2 |     2 ||     7
Armor: Robe              |    13 |     7 |    30 |       ||    50
       Acid dragon scale |       |       |    25 |    52 ||    77
       Skin              |       |       |    11 |     7 ||    18
Dodge: Dodged            |    31 |    31 |    87 |    72 ||   221
Block: Kite shield       |       |    14 |    93 |    80 ||   187

Table legend: (Time is in decaauts)
 A = Elapsed time spent in this place.
 B = Non-inter-level travel time spent in this place.
 C = Inter-level travel time spent in this place.
 D = Time resting spent in this place.
 E = Time spent auto-exploring this place.
 F = Levels seen in this place.
 G = Mean time per level.
                   A        B        C        D        E       F      G
               +--------+--------+--------+--------+--------+-----+--------+
         Total |  10681 |  10369 |    312 |   2058 |   6577 |   9 | 1186.8 |
       Dungeon |  10681 |  10369 |    312 |   2058 |   6577 |   9 | 1186.8 |
               +--------+--------+--------+--------+--------+-----+--------+

Top non-repeatable levels by time:
     D:8: 2462 daAuts
     D:7: 1757 daAuts
     D:1: 1534 daAuts
     D:4: 1273 daAuts
     D:5: 1061 daAuts
     D:2: 936 daAuts
     D:6: 912 daAuts
     D:3: 727 daAuts
     D:9: 16 daAuts
